Description

normal 1-1-1

Build Order

Get SALT Encoding   

  12  0:00  SCV  
  14  0:17  Supply Depot  
  15  0:40  Barracks  
  16  0:44  Refinery  
  19  1:27  Orbital Command, Reaper  
  20  1:39  Command Center  
  20  1:49  Supply Depot  
  21  1:59  Marine  
  22  2:08  Factory  
  23  2:17  Refinery  
  24  2:22  Barracks Reactor  When finnished replace with Factory for Hellions
  26  2:54  Orbital Command, Starport  
  27  3:03  Hellion x2  
  32  3:13  Barracks Tech Lab  When finnished replace with Starport for Banshees
  33  3:25  Hellion x2  
  40  3:37  Supply Depot  
  40  3:38  Cloaking Field, Banshee  
  45  3:49  Hellion x2  
  45  3:54  Barracks Tech Lab  Research Stim with this one
  53  4:12  Hellion  
  53  4:17  Command Center  
  52  4:23  Banshee  
  55  4:29  Stimpack  
  56  4:35  Action  Lift up Factory (leaves lonely Reactor) Build Barracks where Reactor is
  56  4:36  Barracks x2  
  58  4:47  Factory Reactor, Supply Depot  
  59  4:59  Engineering Bay x2  
  62  5:07  Refinery x2  
  62  5:00  Action  Lift up Starport after Banshee (leaving lonely Techlab)
  63  5:16  Starport Reactor  
  67  5:32  Terran Infantry Armor Level 1, Orbital Command, Terran Infantry Weapons Level 1  
  67  5:34  Barracks x2  
  67  5:36  Action  Lift Barracks to Factory Reactor and Lift Factory to lonely Tech lab (former Starport Techlab)
  71  5:49  Siege Tank  
  77  5:53  Orbital Command  
  70  5:59  Medivac x2  
  77  6:12  Armory  
Spawning Tool Build Advisor. Get it on Overwolf

Analysis

cool game

Go to:

Details

  • Created by: JWizzly
  • Published on: Aug 25, 2020
  • Modified on: Aug 25, 2020
  • Patch: 4.11.0
  • Difficulty: Medium
Show
View Real Time Build Order
Export as new Build Order

Comments (0)

There are no comments. Be the first!

Create an account to comment!